 Dungeon Crawl Stone Soup version 0.29-a0-334-gb41bcbb86e (webtiles) character file.

Game seed: 571589772250976768

44 spaghetti the Magician (level 3, -3/24 HPs)
             Began as a Demonspawn Air Elementalist on Apr 13, 2022.
             Slain by a gnoll
             ... wielding a +0 flail
              (10 damage)
             ... on level 2 of the Dungeon.
             The game lasted 00:03:00 (1944 turns).

spaghetti the Magician (DsAE)                       Turns: 1944, Time: 00:03:01

Health: -3/24      AC:  3    Str:  8    XL:     3   Next: 39%
Magic:  0/7        EV: 12    Int: 18    God:
Gold:   124        SH:  0    Dex: 13    Spells: 2/8 levels left

rFire   . . .      SeeInvis .   k - +1 hand axe {axe}
rCold   . . .      Faith    .   (no shield)
rNeg    . . .      Spirit   .   a - +0 robe
rPois   .          Reflect  .   (no helmet)
rElec   .          Harm     .   (no cloak)
rCorr   .          Rampage  .   h - +0 pair of gloves
Will    .....                   (no boots)
Stlth   ++........              (no amulet)
HPRegen 0.08/turn               (no ring)
MPRegen 0.10/turn               (no ring)

@: mighty, very slightly contaminated
A: ignite blood 1
a: no special abilities


You were on level 2 of the Dungeon.
You visited 1 branch of the dungeon, and saw 2 of its levels.

You collected 124 gold pieces.


Innate Abilities, Weirdness & Mutations

Your demonic aura sometimes causes spilled blood to erupt in flames.


   Skills:
 - Level 1.7 Dodging
 - Level 1.7 Stealth
 * Level 3.2 Spellcasting
 - Level 1.0 Conjurations
 + Level 3.2 Air Magic


You had 2 spell levels left.
You knew the following spells:

 Your Spells              Type           Power      Damage    Failure   Level
a - Shock                 Conj/Air       40%        1d5       7%          1
b - Static Discharge      Conj/Air       10%        N/A       11%         2
c - Swiftness             Air            14%        N/A       13%         3

Your spell library contained the following spells:

 Spells                   Type           Power      Damage    Failure   Level
 Airstrike                Air            7%         N/A       38%         4

Inventory:

Hand Weapons
 i - a +0 club {mace}
   (You found it on level 2 of the Dungeon)
 k - a +1 hand axe (weapon) {axe}
   (You found it on level 2 of the Dungeon)
Missiles
 l - 3 poisoned darts {throwing}
Armour
 a - a +0 robe (worn)
 h - a +0 pair of gloves (worn)
   (You found it on level 1 of the Dungeon)
Scrolls
 d - a scroll of blinking {!r}
Potions
 f - 3 potions of curing {@q1}

Dungeon Overview and Level Annotations

Branches:
Dungeon (2/15)

Altars:

....#########.###...###†#.#######
=†g #.# ##### #.#.##..... ..
#g#########.#.##.#... .
#..[..........##.....
####g..####...####...
####...####...#......
#..§§§.§..#.#.#.#....
#§.rgg§§..#.#.#.#....
#.§§@§....#.#.#.#.##.
#.§§§######.....#.##. #.§§§#
####.###.##. #....# #..<>..#.##.
#.$..# #.#..#.#.##. ######
###.#......#.. #...##........
#.......####.# #...##### #.#


You could see 2 gnolls and a rat.


Message History

Aim: a hobgoblin (heavily wounded, 68% to hit)
The zap hits the hobgoblin. 😎 MP[-1]
You lost 1 mp, and now have 0/7 mp.
Casting: Shock (safe; 7% risk of failure)
Confirm with . or Enter, or press ? or * to list all spells.
You don't have enough magic to cast this spell.
The hobgoblin hits you. 😕 HP[-4]
You take 4 damage, and now have 20/24 hp.
Really attack while wielding nothing?
Okay, then.
The hobgoblin attacks as you move away! The hobgoblin misses you. 😕 HP[+1]
The hobgoblin attacks as you move away!
The hobgoblin barely misses you. 😕 MP[+1]
The hobgoblin attacks as you move away! The hobgoblin misses you.
The hobgoblin attacks as you move away! The hobgoblin misses you.
Casting: Shock (safe; 7% risk of failure)
Confirm with . or Enter, or press ? or * to list all spells.
Aiming: Shock (safe; 7% risk of failure)
Press: ? - help, Shift-Dir - straight line, f/p - hobgoblin
Aim: a hobgoblin (heavily wounded, 68% to hit)
The zap hits the hobgoblin.
You kill the hobgoblin!
The zap misses the gnoll. 😕 MP[-1]
You lost 1 mp, and now have 0/7 mp.
You see here a +0 pair of boots.
An adder and a rat come into view. 😕 HP[+1]
The adder hisses angrily.
As you read the scroll labelled GIACUK BURAN, it crumbles to dust.
The scroll dissolves into smoke.
It was a scroll of fog.
The adder bites you.
The adder bites you but does no damage. 😕 HP[-1] MP[+1]
You take 1 damage, and now have 21/24 hp.
As you read the scroll labelled BUTIASA LIEHI, it crumbles to dust.
It is a scroll of enchant weapon.
Your +0 hand axe {axe} glows red for a moment.
The adder barely misses you.
The gnoll hits you with a +0 flail. 😮 HP[-5]
You take 5 damage, and now have 16/24 hp.
MASSIVE DAMAGE!! (PAUSE)
As you read the scroll labelled YFOS PERUPLOGIATEA, it crumbles to dust.
It is a scroll of identify.
d - a scroll of blinking The adder completely misses you.
The gnoll barely misses you.
It was a potion of curing.
You feel better. The adder bites you but does no damage. The gnoll misses you.
The adder completely misses you.
The gnoll hits you with a +0 flail! 😮 HP[-2]
You take 2 damage, and now have 14/24 hp.
It was a potion of might.
You feel very mighty all of a sudden. The adder completely misses you.
The gnoll hits you with a +0 flail.
* * * LOW HITPOINT WARNING * * *
The gnoll barely misses you. 😨 HP[-5]
You take 5 damage, and now have 9/24 hp.
MASSIVE DAMAGE!! (PAUSE) It was a potion of heal wounds.
You feel much better. The adder barely misses you.
The gnoll closely misses you. The gnoll barely misses you. 😎 HP[+15]
Your hp is fully restored (24).
k - a +1 hand axe (weapon)
{axe} The adder barely misses you.
You slash the gnoll! You hit the gnoll. You hit the adder.
The adder misses you. The gnoll closely misses you.
The gnoll hits you with a +0 flail! 😮 HP[-9]
You take 9 damage, and now have 15/24 hp.
MASSIVE DAMAGE!! (PAUSE)
You closely miss the gnoll. You barely miss the rat. You barely miss the adder.
You closely miss the gnoll. The adder completely misses you.
The gnoll barely misses you. The gnoll hits you with a +0 flail!
* * * LOW HITPOINT WARNING * * *
The rat barely misses you. The adder bites you but does no damage.
The rat barely misses you.
The gnoll closely misses you. x2 😨 HP[-6]
You take 6 damage, and now have 9/24 hp.
MASSIVE DAMAGE!! (PAUSE) Unknown command.
You barely miss the gnoll. You closely miss the rat. You slash the adder!
You kill the adder!
You closely miss the gnoll. The gnoll completely misses you.
The gnoll hits you with a +0 flail.
* * * LOW HITPOINT WARNING * * *
The rat barely misses you. 😨 HP[-2] MP[+1]
You take 2 damage, and now have 7/24 hp.
Unknown command.
Okay, then.
Casting: Shock (safe; 7% risk of failure)
Confirm with . or Enter, or press ? or * to list all spells.
You miscast Static Discharge.
You are very lightly contaminated with residual magic.
Nothing appears to happen.
The gnoll hits you with a +0 flail!
You die...

Skill      XL: |  1  2 |
---------------+-------+-----
Air Magic      | 3 |  3.2
Spellcasting   | 3 |  3.2
Dodging        | |  1.7
Stealth        | |  1.7
Conjurations   | |  1.0

Action                   || total
-------------------------++-------
Melee: Unarmed           ||     8
       Hand axe          ||     3
 Cast: Shock             ||    56
       Static Discharge  ||     1
  Use: Potion            ||     4
       Scroll            ||     3
Armor: Robe              ||    10
Dodge: Dodged            ||    41

Levels and vault maps discovered:
D:1:      lemuel_arrival_funnel, layout_basic
D:2:      layout_basic, basic_ecumenical_altar

Notes
Turn   | Place    | Note
-------+----------+-------------------------------------------
     0 | D:1      | spaghetti the Demonspawn Air Elementalist began the quest
                  | for the Orb.
     0 | D:1      | Reached XP level 1. HP: 13/13 MP: 3/3
     0 | D:1      | magus.rc [v1.9.6]
   373 | D:1      | Gained mutation: Your demonic aura sometimes causes spilled
                  | blood to erupt in flames. [demonic ancestry]
   373 | D:1      | Reached XP level 2. HP: 10/19 MP: 0/5
   591 | D:1      | Learned a level 2 spell: Static Discharge
   815 | D:1      | Reached skill level 3 in Air Magic
  1688 | D:2      | Reached skill level 3 in Spellcasting
  1719 | D:2      | Reached XP level 3. HP: 24/24 MP: 0/7
  1788 | D:2      | Learned a level 3 spell: Swiftness
  1944 | D:2      | Slain by a gnoll

Vanquished Creatures
  An adder (D:2)
  A ball python (D:1)
  An endoplasm (D:1)
  2 giant cockroaches
  6 hobgoblins
  8 jackals
  A kobold (D:2)
  2 quokkas (D:1)
  2 bats (D:1)
  A frilled lizard (D:2)
  4 rats
29 creatures vanquished.

Table legend:
 A = Non-vault XP
 B = Vault XP
 C = Vault XP percentage of total XP
 D = Non-vault monster count
 E = Vault monster count
 F = Vault count percentage of total count
                 A         B        C        D         E       F
            +---------+---------+-------+---------+---------+-------
      Total |      63 |       0 |   0.0 |      29 |       0 |   0.0
            +---------+---------+-------+---------+---------+-------
        D:1 |      36 |       0 |   0.0 |      20 |       0 |   0.0
        D:2 |      27 |       0 |   0.0 |       9 |       0 |   0.0
            +---------+---------+-------+---------+---------+-------

Illustrated notes

Table legend:
 A = Kills in this place as a percentage of kills in entire the game.
 B = Kills by you in this place as a percentage of kills by you in the entire game.
 C = Kills by friends in this place as a percentage of kills by friends in the entire game.
 D = Other kills in this place as a percentage of other kills in the entire game.
 E = Experience gained in this place as a percentage of experience gained in the entire game.
 F = Experience gained in this place divided by the number of levels of this place that you have seen.
                   A       B       C       D       E      F
               +-------+-------+-------+-------+-------+----------------------
         Total | 100.0 | 100.0 |   N/A |   N/A | 100.0 |  31.5
       Dungeon | 100.0 | 100.0 |   N/A |   N/A | 100.0 |  31.5
               +-------+-------+-------+-------+-------+----------------------

Table legend: (Time is in decaauts)
 A = Elapsed time spent in this place.
 B = Non-inter-level travel time spent in this place.
 C = Inter-level travel time spent in this place.
 D = Time resting spent in this place.
 E = Time spent auto-exploring this place.
 F = Levels seen in this place.
 G = Mean time per level.
                   A        B        C        D        E       F      G
               +--------+--------+--------+--------+--------+-----+--------+
         Total |   1944 |   1919 |     25 |    370 |   1369 |   2 |  972.0 |
       Dungeon |   1944 |   1919 |     25 |    370 |   1369 |   2 |  972.0 |
               +--------+--------+--------+--------+--------+-----+--------+

Top non-repeatable levels by time:
     D:1: 1579 daAuts
     D:2: 365 daAuts
